 Dungeon Crawl Stone Soup version 0.28-a0-1182-g381e24db82 (webtiles) character file.

Game seed: 17393122283020004252

105 bearlyready the Conjurer (level 4, -4/33 HPs)
             Began as a Draconian Conjurer on Dec 16, 2021.
             Slain by an orc warrior (9 damage)
             ... on level 4 of the Dungeon.
             The game lasted 00:04:10 (3065 turns).

bearlyready the Conjurer (Draconian Conjurer)       Turns: 3065, Time: 00:04:11

Health: -4/33      AC:  6    Str: 10    XL:     4   Next: 53%
Magic:  7/7        EV: 12    Int: 20    God:
Gold:   48         SH:  0    Dex:  9    Spells: 4/7 levels left

rFire   . . .      SeeInvis .   d - staff of conjuration
rCold   . . .      Faith    .   (no shield)
rNeg    . . .      Spirit   .   (armour unavailable)
rPois   .          Reflect  .   (helmet restricted)
rElec   .          Harm     .   (no cloak)
rCorr   .          Rampage  .   (no gloves)
Will    .....                   k - +0 pair of boots
Stlth   ++........              (no amulet)
HPRegen 0.11/turn               (no ring)
MPRegen 0.10/turn               (no ring)

@: about to teleport
A: AC +5, unfitting armour, cold-blooded
a: no special abilities


You were on level 4 of the Dungeon.
You visited 1 branch of the dungeon, and saw 4 of its levels.

You collected 48 gold pieces.

Inventory:

Hand Weapons
 b - a +0 whip
Missiles
 h - 16 poisoned darts
Armour
 k - a +0 pair of boots (worn)
Magical Staves
 d - a staff of conjuration (weapon)
 g - a staff of death
Scrolls
 f - a scroll of holy word {unknown}
Potions
 a - a potion of mutation {unknown}
 c - 3 potions of invisibility {unknown}
 e - a potion of curing {unknown}
 j - 2 potions of lignification {unknown}


   Skills:
 + Level 2.3 Staves
 - Level 1.7 Dodging
 - Level 1.7 Stealth
 - Level 2.0 Spellcasting
 + Level 5.4 Conjurations


You had 4 spell levels left.
You knew the following spells:

 Your Spells              Type           Power      Damage    Failure   Level
a - Magic Dart            Conj           100%       1d8       1%          1
b - Searing Ray           Conj           70%        2d7       2%          2

Your spell library contained the following spells:

 Spells                   Type           Power      Damage    Failure   Level
 Animate Skeleton         Necr           4%         N/A       16%         1
 Pain                     Necr           8%         1d4       16%         1
 Dazzling Flash           Conj/Hex       38%        N/A       16%         3
 Vampiric Draining        Necr           2%         2d6       43%         3
 Fulminant Prism          Conj/Hex       9%         3d7       45%         4
 Iskenderun's Mystic Bla  Conj/Tloc      19%        2d6       45%         4


Dungeon Overview and Level Annotations

Branches:
Dungeon (4/15)
 Temple: D:4-7

Altars:
Xom

Shops:
D:1 ?


Innate Abilities, Weirdness & Mutations

Your plain brown scales are hard. (AC +5)
You cannot fit into any form of body armour.
You are cold-blooded and may be slowed by cold attacks.


Message History

There is a stone staircase leading up here.
There is an open door here.
A hobgoblin comes into view.
A hobgoblin is nearby!
An orc wizard comes into view. It is wielding a +0 dagger.
An orc warrior comes into view. It is wielding a +0 morningstar.
The hobgoblin shouts!
The hobgoblin hits you but does no damage.
You barely miss the hobgoblin. The hobgoblin misses you.
You barely miss the hobgoblin. The hobgoblin barely misses you.
You barely miss the hobgoblin. The hobgoblin misses you.
You closely miss the hobgoblin. The hobgoblin barely misses you.
You hit the hobgoblin but do no damage. The hobgoblin misses you.
You closely miss the orc warrior. The hobgoblin barely misses you.
The orc warrior barely misses you. The hobgoblin misses you.
You barely miss the orc warrior.
The orc warrior hits you with a +0 morningstar!
The hobgoblin barely misses you.
You are too injured to fight recklessly!
You are too injured to fight recklessly!
You are too injured to fight recklessly!
The orc warrior hits you with a +0 morningstar!
The hobgoblin closely misses you. The hobgoblin closely misses you.
Found 3 scrolls labelled HITETHROABO.
A hobgoblin comes into view.
The hobgoblin shouts!
Found 13 gold pieces.
The hobgoblin hits you.
* * * LOW HITPOINT WARNING * * *
The hobgoblin barely misses you. The hobgoblin closely misses you.
The hobgoblin hits you.
* * * LOW HITPOINT WARNING * * *
The hobgoblin hits you.
* * * LOW HITPOINT WARNING * * *
As you read the scroll labelled HITETHROABO, it crumbles to dust.
You feel strangely unstable.
It was a scroll of teleportation.
The orc warrior hits you with a +0 morningstar!
You die...

.....#
#8..8##..........
.....#
#......#......?...
######
###..###..........
.# 8....
#.......... .#
###..# #..........
.# ... #..........
## #g.........
#go........
#@..####### #...#
#..$# #...# #####


You could see an orc warrior and 2 hobgoblins.

Vanquished Creatures
  2 adders
  An adder skeleton (D:2)
  3 worms
  4 dart slugs
  An orc (D:3)
  8 ball pythons
  7 endoplasms
  4 giant cockroaches
  5 goblins
  7 hobgoblins
  2 jackals (D:2)
  2 kobolds (D:2)
  2 quokkas
  4 bats
  2 frilled lizards
  9 rats
63 creatures vanquished.

Notes
Turn   | Place    | Note
-------+----------+-------------------------------------------
     0 | D:1      | bearlyready the Draconian Conjurer began the quest for the
                  | Orb.
     0 | D:1      | Reached XP level 1. HP: 14/14 MP: 3/3
   253 | D:1      | Reached XP level 2. HP: 11/20 MP: 5/5
   750 | D:1      | Learned a level 2 spell: Searing Ray
  1123 | D:1      | Found a faded altar of an unknown god.
  1129 | D:1      | Reached XP level 3. HP: 26/26 MP: 6/6
  1184 | D:1      | Found Padgha's Magic Scroll Shoppe.
  1277 | D:2      | Reached skill level 1 in Staves
  1482 | D:2      | Reached skill level 5 in Conjurations
  1839 | D:2      | Reached XP level 4. HP: 32/33 MP: 7/7
  2565 | D:3      | Found a shimmering altar of Xom.
  3039 | D:4      | Noticed an orc warrior
  3065 | D:4      | Slain by an orc warrior

Illustrated notes

Levels and vault maps discovered:
D:1:      mainiacjoe_arrival_reflecting_pool, layout_loops_cross,
          shapermc_ecumenical_altar_notcrosses, serial_shops, nicolae_shop_trees
D:2:      layout_rooms
D:3:      layout_basic, xom_teletrap_fun, chequers_serial_rivers_room_b
D:4:      layout_basic, minitemple, uniq_grinder

Skill      XL: |  1  2  3  4 |
---------------+-------------+-----
Staves         | 1 2 |  2.3
Conjurations   | 5 |  5.4
Dodging        | |  1.7
Stealth        | |  1.7
Spellcasting   | |  2.0

Action                   |  1- 3 |  4- 6 || total
-------------------------+-------+-------++-------
Melee: Whip              |    45 |       ||    45
       Unarmed           |     5 |       ||     5
       Tailslap          |    14 |     4 ||    18
       Staff             |    78 |    66 ||   144
 Cast: Magic Dart        |     3 |       ||     3
       Searing Ray       |     7 |     3 ||    10
  Use: Scroll            |       |     1 ||     1
 Stab: Sleeping          |     6 |     2 ||     8
Armor: Skin              |    46 |    23 ||    69
Dodge: Dodged            |    88 |    55 ||   143

Table legend: (Time is in decaauts)
 A = Elapsed time spent in this place.
 B = Non-inter-level travel time spent in this place.
 C = Inter-level travel time spent in this place.
 D = Time resting spent in this place.
 E = Time spent auto-exploring this place.
 F = Levels seen in this place.
 G = Mean time per level.
                   A        B        C        D        E       F      G
               +--------+--------+--------+--------+--------+-----+--------+
         Total |   3090 |   2983 |    107 |      0 |   2359 |   4 |  772.5 |
       Dungeon |   3090 |   2983 |    107 |      0 |   2359 |   4 |  772.5 |
               +--------+--------+--------+--------+--------+-----+--------+

Top non-repeatable levels by time:
     D:1: 1281 daAuts
     D:2: 965 daAuts
     D:3: 743 daAuts
     D:4: 100 daAuts
